 Dungeon Crawl Stone Soup version 0.29.1-1-gd02db6906a (webtiles) character file.

Game seed: 13725912263605179075

17677 warriortoast the Thaumaturge (level 12, -1/71 HPs)
             Began as a Deep Elf Fire Elementalist on Sept 19, 2022.
             Was an Elder of Vehumet.
             Shot with an arrow by a centaur warrior (3 damage)
             ... on level 12 of the Dungeon.
             The game lasted 01:25:57 (20373 turns).

warriortoast the Thaumaturge (DEFE)                Turns: 20373, Time: 01:25:57

Health: -1/71      AC: 12    Str:  7    XL:     12   Next: 21%
Magic:  29/31      EV: 15    Int: 24    God:    Vehumet [****..]
Gold:   1491       SH:  0    Dex: 17    Spells: 16/38 levels left

rFire   . . .      SeeInvis .   j - +5 short sword
rCold   + . .      Faith    +   (no shield)
rNeg    . . .      Spirit   .   y - +2 leather armour {Will+}
rPois   .          Reflect  .   D - +0 hat {Will+}
rElec   .          Harm     .   z - +0 cloak
rCorr   .          Rampage  .   (no gloves)
Will    +++..                   g - +1 pair of boots
Stlth   ++........              A - amulet "Odeled" {Faith rC+ Dex+2}
HPRegen 0.21/turn               v - +4 ring of protection
MPRegen 0.22/turn               (no ring)

@: no status effects
A: no striking features
a: Renounce Religion


You were on level 12 of the Dungeon.
You worshipped Vehumet.
Vehumet was greatly pleased with you.
You visited 4 branches of the dungeon, and saw 17 of its levels.
You also visited: Sewer.

You collected 1491 gold pieces.

Inventory:

Hand Weapons
 j - a +5 short sword (weapon)
 q - a +1 falchion of electrocution
 w - the +8 falchion of Hairy Purpose {spect, rC+ Str+4 Dex-5}
   (You found it on level 4 of the Dungeon)

   When its wielder attacks, the weapon's spirit leaps out and strikes again.
   The spirit shares a part of any damage it takes with its wielder.
   Str:       It affects your strength (+4).
   Dex:       It affects your dexterity (-5).
   rC:        It protects you from cold.
 G - a +2 spear of venom
Missiles
 x - 2 throwing nets
Armour
 a - a +0 robe
 g - a +1 pair of boots (worn)
 y - a +2 leather armour of willpower (worn)
 z - a +0 cloak (worn)
 D - a +0 hat of willpower (worn)
Magical Staves
 e - a staff of conjuration
Jewellery
 o - a ring of ice
 v - a +4 ring of protection (left hand)
 A - the amulet "Odeled" (around neck) {Faith rC+ Dex+2}
   (You found it on level 5 of the Dungeon)

   [amulet of faith]

   It allows you to gain divine favour quickly.
   Dex:       It affects your dexterity (+2).
   rC:        It protects you from cold.
 F - a ring of protection from cold
 I - a +4 ring of evasion
Wands
 d - a wand of digging (7)
 B - a wand of quicksilver (13)
 E - a wand of charming (19)
Scrolls
 l - 4 scrolls of identify
 m - a scroll of silence
 p - a scroll of magic mapping
 u - 2 scrolls of enchant weapon
 C - 3 scrolls of enchant armour
 H - a scroll of butterflies
 K - a scroll of brand weapon {unknown}
 L - a scroll of amnesia {unknown}
Potions
 b - a potion of magic
 c - 4 potions of degeneration
 h - 4 potions of might
 i - 4 potions of curing
 k - 4 potions of brilliance
 n - a potion of cancellation
 r - a potion of ambrosia
 s - 5 potions of flight
 t - 6 potions of mutation
 J - a potion of heal wounds
Miscellaneous
 f - a phantom mirror (inert)


   Skills:
 - Level 6.8 Fighting
 + Level 7.9 Dodging
 - Level 2.4 Stealth
 + Level 13.7 Spellcasting
 + Level 11.1 Conjurations
 + Level 8.6 Fire Magic
 - Level 7.1 Evocations


You had 16 spell levels left.
You knew the following spells:

 Your Spells              Type           Power      Damage    Failure   Level
a - Foxfire               Conj/Fire      100%       2x1d9     1%          1
b - Scorch                Fire           100%       2d10      1%          2
c - Conjure Flame         Conj/Fire      59%        6-21      1%          3
d - Mephitic Cloud        Conj/Pois/Air  34%        N/A       1%          3
e - Corpse Rot            Necr/Pois/Air  16%        N/A       47%         4
f - Hailstorm             Conj/Ice       43%        3d10      1%          4
g - Fireball              Conj/Fire      29%        3d13      1%          5

Your spell library contained the following spells:

 Spells                   Type           Power      Damage    Failure   Level
 Magic Dart               Conj           100%       1d8       1%          1
 Inner Flame              Hex/Fire       37%        N/A       1%          3
 Flame Wave               Conj/Fire      59%        2d14      1%          4
 Fulminant Prism          Conj/Hex       21%        3d13      1%          4
 Iskenderun's Mystic Bla  Conj/Tloc      43%        2d10      1%          4
 Poisonous Vapours        Pois/Air       32%        N/A       2%          2
 Sting                    Tmut/Pois      64%        1d6       5%          1
 Call Imp                 Summ           16%        N/A       9%          2
 Olgreb's Toxic Radiance  Pois           16%        N/A       14%         4
 Call Canine Familiar     Summ           16%        N/A       16%         3
 Portal Projectile        Hex/Tloc       32%        N/A       16%         3
 Lee's Rapid Deconstruct  Erth           8%         3d8*      36%         5
 Leda's Liquefaction      Hex/Erth       8%         N/A       47%         4
 Summon Ice Beast         Ice/Summ       16%        N/A       47%         4
 Summon Mana Viper        Hex/Summ       16%        N/A       83%         5
 Ignition                 Fire           27%        3d9       91%         8
 Monstrous Menagerie      Summ           8%         N/A       100%        7
 Ozocubu's Refrigeration  Ice            8%         4d9       100%        7


Dungeon Overview and Level Annotations

Branches:
Dungeon (13/15)            Temple (1/1) D:4            Lair (1/5) D:9
    Orc (2/2) D:11          Sewer (visited)
    Elf: Orc:2       Vaults: D:13-14

Altars:
Ashenzari
Cheibriados
Dithmenos
Elyvilon
Fedhas
Gozag
Hepliaklqana
Kikubaaqudgha
Makhleb
Nemelex Xobeh
Okawaru
Qazlal
Ru
Sif Muna
Trog
Uskayaw
Vehumet
Wu Jian
Xom
Yredelemnul
Zin
The Shining One

Shops:
D:8 (

Annotations:
D:5 3 runed translucent doors, TheBeaver's ghost, weakling DsDe
Lair:1 Harold


Message History

You now have 1474 gold pieces (gained 23).
Found a Young Poisoner's Handbook.
You pick up a Young Poisoner's Handbook and begin reading...
You add the spell Sting to your library.
F - a ring of protection from cold You now have 1491 gold pieces (gained 17). 3 centaurs come into view.
The centaur wields a +0 shortbow.
The centaur shoots an arrow.
The arrow barely misses you.
You hear a shout!
You enter the shallow water.
Moving in this stuff is going to be slow.
The centaur shoots an arrow.
The arrow closely misses you.
A centaur comes into view.
A centaur warrior comes into view.
The centaur shoots an arrow.
The arrow hits you.
The centaur shoots an arrow.
The arrow misses you.
The centaur warrior wields a +0 shortbow.
The centaur warrior shoots an arrow.
The arrow hits you!
You hear a shout! x2
The centaur shoots an arrow.
The arrow misses you.
You hear a shout!
The centaur warrior shoots an arrow.
The arrow hits you!
The centaur warrior shoots an arrow.
The arrow misses you.
Casting: Scorch (safe; 1% risk of failure)
Confirm with . or Enter, or press ? or * to list all spells.
The fire begins to smoulder!
The centaur warrior shoots an arrow.
The arrow hits you!
The fire ignites!
The centaur warrior shoots an arrow.
The arrow hits you!
* * * LOW HITPOINT WARNING * * *
The centaur warrior shoots an arrow.
The arrow hits you!
* * * LOW HITPOINT WARNING * * *
Found a scroll of enchant armour.
The centaur warrior shoots an arrow.
The arrow hits you!
* * * LOW HITPOINT WARNING * * *
The centaur warrior shoots an arrow.
The arrow closely misses you.
You hear a shout!
The centaur warrior shoots an arrow.
The arrow hits you.
* * * LOW HITPOINT WARNING * * *
The centaur warrior shoots an arrow.
The arrow hits you.
You die...

...................
...............##
88~≈≈~~88.......# #
..~≈≈~#####..#..##.#
#~~≈≈~# #..#.....# #
#~≈≈~~#####.....#######?#
#~≈≈~...................
~~≈≈~.######.#.......#
~≈≈~~.# #.#..@....#
~≈≈~#.### #.#.......+
~≈≈~....####.#.......#
~≈≈~...........##.####
~≈≈~~.#.####.#.##.#
~~≈≈~.#.####.#.##.# ##.
#~≈≈~..........##§# ...
#~≈≈~~.........##c# ..#
.~~≈≈~#.#.##...##.#..#


You could see a centaur warrior.

Vanquished Creatures
  Gastronok (D:8)
  A centaur warrior (D:9)
  A death yak (D:10)
  2 two-headed ogres
  Pikel (D:8)
  2 ugly things
  A deep elf pyromancer (D:9)
  A necromancer (D:9)
  A cyclops (Orc:1)
  An elephant (D:9)
  An unseen horror (D:11)
  2 trolls
  A troll (shapeshifter) (D:12)
  A hornet (D:9)
  25 yaks
  4 basilisks
  A wyvern (D:9)
  A steam dragon (D:10)
  5 vampire mosquitoes
  Duvessa (D:6)
  An acid dragon (D:9)
  3 water moccasins
  2 sky beasts
  2 orc warriors
  2 black bears
  2 ice beasts
  6 wolves
  3 centaurs
  2 phantoms (D:6)
  3 lemures
  A kobold brigand (D:8)
  A bullfrog (D:8)
  A gnoll sergeant (D:10)
  3 scorpions
  A necrophage (D:5)
  Dowan (D:6)
  15 wights
  9 killer bees
  7 howler monkeys
  2 electric eels (D:10)
  A jelly (D:5)
  3 gnoll boudas
  5 orc priests
  4 hounds
  2 iguanas
  11 orc wizards
  A hell rat (Sewer)
  2 yak simulacra (D:9)
  3 polar bear simulacra (D:9)
  4 wolf simulacra (D:9)
  16 gnolls
  A river rat (Sewer)
  5 adders
  3 shadow imps
  2 white imps (D:5)
  2 ufetubi
  A worm (D:5)
  3 dart slugs
  29 orcs
  4 endoplasms
  2 giant cockroaches
  5 goblins
  4 hobgoblins
  A quokka (D:3)
  4 ball pythons
  6 bats
  A frilled lizard (D:2)
  6 kobolds
  11 rats
  2 river rat simulacra (D:9)
265 creatures vanquished.

Vanquished Creatures (collateral kills)
  A foxfire (D:3)
1 creature vanquished.

Vanquished Creatures (others)
  4 bushes (D:8)
  694 foxfires
  A fungus (D:9)
  2 plants (D:9)
701 creatures vanquished.

Grand Total: 967 creatures vanquished

Notes
Turn   | Place    | Note
-------+----------+-------------------------------------------
     0 | D:1      | warriortoast the Deep Elf Fire Elementalist began the quest
                  | for the Orb.
     0 | D:1      | Reached XP level 1. HP: 10/10 MP: 6/6
   281 | D:1      | Reached XP level 2. HP: 15/15 MP: 4/8
   622 | D:1      | Found a faded altar of an unknown god.
   768 | D:2      | Reached XP level 3. HP: 13/19 MP: 2/10
   862 | D:2      | Reached skill level 4 in Spellcasting
  1387 | D:2      | Learned a level 2 spell: Scorch
  1391 | D:2      | Reached XP level 4. HP: 24/24 MP: 6/12
  2151 | D:3      | Reached skill level 5 in Fire Magic
  2312 | D:3      | Reached XP level 5. HP: 28/28 MP: 8/13
  2415 | D:3      | Found a glowing drain.
  2428 | Sewer    | Entered a sewer
  2483 | Sewer    | Learned a level 3 spell: Conjure Flame
  3023 | D:3      | Reached skill level 5 in Spellcasting
  3285 | D:4      | Noticed a black bear
  3326 | D:4      | Noticed an ice beast
  3329 | D:4      | Killed an ice beast
  3330 | D:4      | Reached XP level 6. HP: 32/32 MP: 8/16
  4058 | D:4      | Found a staircase to the Ecumenical Temple.
  4072 | D:4      | Identified the +8 falchion of Hairy Purpose {spect, rC+
                  | Str+4 Dex-5}
  4081 | Temple   | Entered the Ecumenical Temple
  4314 | D:4      | Reached skill level 6 in Spellcasting
  4828 | D:4      | Found a radiant altar of Vehumet.
  4828 | D:4      | Found a sparkling altar of Nemelex Xobeh.
  4840 | D:4      | Became a worshipper of Vehumet
  4895 | D:4      | Reached XP level 7. HP: 36/36 MP: 12/18
  4976 | D:5      | Entered Level 5 of the Dungeon
  5290 | D:5      | Reached skill level 7 in Spellcasting
  5364 | D:5      | Found a runed translucent gate.
  5364 | D:5      | Found a runed translucent gate.
  5365 | D:5      | Found a runed translucent gate.
  5369 | D:5      | Noticed TheBeaver's ghost (weakling DsDe)
  5467 | D:5      | Identified the amulet "Odeled" {Faith rC+ Dex+2}
  5593 | D:5      | Reached * piety under Vehumet
  5593 | D:5      | Offered knowledge of Freeze by Vehumet.
  5594 | D:5      | Reached skill level 5 in Conjurations
  5729 | D:5      | Learned a level 3 spell: Mephitic Cloud
  5793 | D:5      | Found a shimmering blue altar of Sif Muna.
  6057 | D:6      | Reached XP level 8. HP: 41/41 MP: 13/21
  6142 | D:6      | Noticed Dowan
  6144 | D:6      | Reached skill level 8 in Spellcasting
  6451 | D:6      | Noticed Duvessa
  6459 | D:6      | Killed Duvessa
  6580 | D:6      | Killed Dowan
  7849 | D:6      | Found a shimmering altar of Xom.
  7850 | D:6      | Found a shimmering altar of Xom.
  7853 | D:6      | Found a shimmering altar of Xom.
  7853 | D:6      | Found a shimmering altar of Xom.
  7853 | D:6      | Found a shimmering altar of Xom.
  7857 | D:6      | Found a shimmering altar of Xom.
  7857 | D:6      | Found a shimmering altar of Xom.
  7949 | D:7      | Reached skill level 9 in Spellcasting
  8039 | D:7      | Reached XP level 9. HP: 45/45 MP: 18/24
  8067 | D:7      | Reached skill level 1 in Evocations
  8223 | D:7      | Reached skill level 1 in Fighting
  8416 | D:7      | Offered knowledge of Static Discharge by Vehumet.
  9471 | D:8      | Reached ** piety under Vehumet
  9562 | D:8      | Noticed Pikel
  9777 | D:8      | Noticed a two-headed ogre
  9987 | D:8      | Killed a two-headed ogre
  9988 | D:8      | Reached skill level 10 in Spellcasting
 10196 | D:8      | Noticed Gastronok
 10278 | D:8      | Killed Gastronok
 10279 | D:8      | Reached XP level 10. HP: 29/56 MP: 8/26
 10437 | D:8      | Killed Pikel
 10438 | D:8      | Reached skill level 11 in Spellcasting
 10438 | D:8      | Reached skill level 5 in Evocations
 10594 | D:8      | Found Edidd's Weapon Emporium.
 10924 | D:9      | Found a staircase to the Lair.
 10924 | D:9      | Noticed an elephant
 10931 | D:9      | Noticed a death yak
 11100 | D:8      | Noticed a boulder beetle
 11277 | D:8      | Noticed a centaur warrior
 12083 | D:9      | Offered knowledge of Frozen Ramparts by Vehumet.
 12417 | D:8      | Noticed a cyclops
 12437 | D:9      | Reached skill level 12 in Spellcasting
 12440 | D:9      | Noticed a two-headed ogre
 12451 | D:9      | Killed a two-headed ogre
 12452 | D:9      | Reached skill level 5 in Fighting
 12454 | D:9      | Killed an elephant
 12455 | D:9      | Reached skill level 10 in Conjurations
 12662 | D:9      | Noticed a deep elf pyromancer
 12935 | D:9      | Reached XP level 11. HP: 61/64 MP: 22/29
 12942 | D:9      | Reached *** piety under Vehumet
 13742 | D:10     | Entered Level 10 of the Dungeon
 14314 | D:11     | Found a staircase to the Orcish Mines.
 14456 | D:11     | Offered knowledge of Hailstorm by Vehumet.
 14543 | D:11     | Noticed a white ugly thing
 14942 | D:11     | Reached skill level 5 in Dodging
 14960 | Orc:1    | Entered Level 1 of the Orcish Mines
 15433 | Orc:2    | Entered Level 2 of the Orcish Mines
 16397 | Orc:1    | Noticed an orc sorcerer
 16397 | Orc:1    | Noticed an ogre mage
 16397 | Orc:1    | Noticed a two-headed ogre
 16397 | Orc:1    | Noticed a two-headed ogre
 16397 | Orc:1    | Noticed a two-headed ogre
 16397 | Orc:1    | Noticed a two-headed ogre
 16397 | Orc:1    | Noticed a two-headed ogre
 16398 | Orc:1    | Noticed a two-headed ogre
 17243 | D:9      | Noticed a necromancer
 17251 | D:9      | Killed a necromancer
 17264 | D:9      | Reached **** piety under Vehumet
 17496 | D:9      | Learned a level 4 spell: Corpse Rot
 17551 | D:9      | Killed a deep elf pyromancer
 17705 | D:9      | Learned a level 4 spell: Hailstorm
 17745 | D:9      | Killed a centaur warrior
 17746 | D:9      | Reached skill level 13 in Spellcasting
 18019 | Lair:1   | Entered Level 1 of the Lair of Beasts
 18019 | Lair:1   | Noticed Harold
 18140 | D:8      | Noticed a brown ugly thing
 18151 | D:8      | Killed a brown ugly thing
 18276 | D:8      | Noticed a seven-headed hydra
 18330 | Lair:1   | Noticed a catoblepas
 18527 | D:10     | Killed a death yak
 18528 | D:10     | Reached XP level 12. HP: 40/71 MP: 14/31
 19078 | D:10     | Offered knowledge of Fireball by Vehumet.
 19087 | D:10     | Learned a level 5 spell: Fireball
 19528 | D:11     | You fall into a shaft and drop 2 floors!
 19542 | D:13     | Noticed a death knight
 20349 | D:12     | Noticed a centaur warrior
 20371 | D:12     | HP: 3/71 [centaur warrior/arrow (9)]
 20373 | D:12     | Shot with an arrow by a centaur warrior

Illustrated notes

Levels and vault maps discovered:
D:1:      dreamdust_arrival_sigmund_warning, layout_rooms,
          ebering_ecumenical_altar_ruins
D:2:      layout_basic, nicolae_titane
D:3:      layout_basic, cheibrodos_sewer_entry_sluice
D:4:      layout_loops_ring, gammafunk_temple_overflow_pools, temple_fountains,
          grunt_decor_fettered
D:5:      layout_basic, nicolae_sif_muna_little_library,
          gammafunk_ghost_necromancy
D:6:      layout_rooms, nicolae_xom_altar_mimics,
          chequers_hall_statues_corner_a, uniq_duvessa
D:7:      layout_gridville
D:8:      minmay_klotski, layout_basic, serial_shops, shop, ldierk_geyser,
          uniq_pikel, uniq_amaemon, uniq_gastronok
D:9:      layout_roguey, david_lair_generic, nicolae_wwwww, hex_intersection,
          skrybe_limestone_x, eino_house_with_fridge
D:10:     layout_roguey, disabler_island
D:11:     layout_stronghold, orc_0_dummy, serial_shops, nicolae_diamond_shop
D:12:     wander_river, layout_basic
D:13:     minmay_bloctagon_deflated, layout_gridville, erik_vaults_1,
          serial_rivers, chequers_serial_rivers_micro_b,
          chequers_serial_rivers_micro_b, chequers_serial_rivers_micro_d,
          chequers_serial_rivers_small_a, fountainhead
Temple:   nicolae_temple_no_exploring_needed
Lair:1:   layout_misc_corridors, beast_lair_carwin_10, uniq_maggie, uniq_harold,
          uniq_erica
Orc:1:    layout_caves
Orc:2:    kennysheep_orc_mage_school, layout_caves, serial_shops,
          nicolae_shop_crystal, uniq_maurice

Skill      XL: |  1  2  3  4  5  6  7  8  9 10 11 12 |
---------------+-------------------------------------+-----
Fire Magic     | 4 5 6 7 8 |  8.6
Spellcasting   | 4 5 6 7 9 10 12 13 | 13.7
Conjurations   | 2 3 5 7 8 10 11 | 11.1
Evocations     | 4 5 7 |  7.1
Fighting       | 3 5 6 |  6.8
Dodging        | 7 |  7.9
Stealth        | |  2.4

Action                   |  1- 3 |  4- 6 |  7- 9 | 10-12 || total
-------------------------+-------+-------+-------+-------++-------
Melee: Unarmed           |     1 |       |       |       ||     1
       Staff             |       |     1 |       |     1 ||     2
       Short sword       |       |       |       |    13 ||    13
 Cast: Foxfire           |    53 |    89 |   143 |   139 ||   424
       Scorch            |       |    20 |    87 |   279 ||   386
       Conjure Flame     |       |     1 |     7 |    14 ||    22
       Hailstorm         |       |       |       |     4 ||     4
       Mephitic Cloud    |       |       |       |     7 ||     7
       Fireball          |       |       |       |     1 ||     1
Evoke: Phantom mirror    |       |       |       |     1 ||     1
  Use: Scroll            |       |    10 |     5 |     9 ||    24
       Potion            |       |       |       |     8 ||     8
 Stab: Confused          |       |       |       |     5 ||     5
Armor: Robe              |       |       |     1 |       ||     1
       Leather armour    |       |       |    11 |   114 ||   125
       Skin              |       |       |       |    22 ||    22
Dodge: Dodged            |     1 |    13 |    19 |   159 ||   192
